 Dungeon Crawl Stone Soup version 0.19-a0-16-g2b77abf (webtiles) character file.

82730 Bzz the Thaumaturge (level 15, -9/89 HPs)
             Began as a Gargoyle Earth Elementalist on Apr 30, 2016.
             Was a High Priest of Vehumet.
             Killed from afar by Azrael (33 damage)
             ... with a damnation
             ... on level 14 of the Dungeon.
             The game lasted 02:34:30 (34799 turns).

Bzz the Thaumaturge (Gargoyle Earth Elementalist)  Turns: 34799, Time: 02:34:31

Health: -9/89      AC: 33    Str: 19    XL:     15   Next: 74%
Magic:  17/40      EV: 16    Int: 21    God:    Vehumet [*****.]
Gold:   1775       SH:  0    Dex: 14    Spells: 9 memorised, 2 levels left

rFire  . . .     SeeInvis .     Y - +8 lance "Wyrmbane" {slay drac, +Rage rPois rF+ AC+5}
rCold  . . .     Gourm    .     S - +2 robe {MR+}
rNeg   + . .     Faith    .     (no shield)
rPois  ∞         Spirit   .     t - +2 helmet
rElec  +         Dismiss  .     h - +2 cloak {+Inv}
rCorr  .         Reflect  .     G - +2 pair of gloves
SustAt .         Harm     .     I - +2 pair of boots
MR     ++...                    (no amulet)
Stlth  +++.......               B - ring of magical power
                                C - ring "Hoepse Nuih" {rPois rF- Str+6 Dex+4 Stlth+}

@: flying, very slightly contaminated, repel missiles, very resistant to hostile
enchantments, fairly stealthy
A: big wings, negative energy resistance 1, electricity resistance, unbreathing,
petrification resistance, rot immunity, AC +11
a: Stop Flying, Renounce Religion, Evoke Berserk Rage, Evoke Invisibility


You were on level 14 of the Dungeon.
You worshipped Vehumet.
Vehumet was extremely pleased with you.
You were hungry.

You visited 3 branches of the dungeon, and saw 23 of its levels.
You also visited: Labyrinth and Ossuary.

You collected 1978 gold pieces.
You spent 203 gold pieces at shops.

Inventory:

Hand Weapons
 Y - the +8 lance "Wyrmbane" (weapon) {slay drac, +Rage rPois rF+ AC+5}
   (You found it in a labyrinth)

   It affects your AC (+5).
   It protects you from fire.
   It protects you from poison.
   It lets you go berserk.
Missiles
 b - 642 stones (quivered)
Armour
 h - a +2 cloak of invisibility (worn)
 t - a +2 helmet (worn)
 G - a +2 pair of gloves (worn)
 H - a +0 shield
 I - a +2 pair of boots (worn)
 S - a +2 robe of magic resistance (worn)
Magical Staves
 z - an uncursed staff of power
Jewellery
 y - an uncursed ring of magical power
 B - a ring of magical power (right hand)
 C - the ring "Hoepse Nuih" (left hand) {rPois rF- Str+6 Dex+4 Stlth+}
   (You found it on level 11 of the Dungeon)

   [ring of strength]

   It affects your strength (+6).
   It affects your dexterity (+4).
   It makes you vulnerable to fire.
   It protects you from poison.
   It makes you more stealthy.
 M - an uncursed ring of resist corrosion
Wands
 p - a wand of iceblast (12/15)
 v - a wand of disintegration (15/24)
 J - a wand of digging (0/24)
 L - a wand of confusion (26/48)
 N - a wand of paralysis (12/24)
 O - a wand of polymorph (16/24)
Scrolls
 a - 2 scrolls of fear
 k - 2 scrolls of blinking
 l - 11 scrolls of teleportation
 w - 5 scrolls of remove curse
 x - a scroll of enchant weapon
 D - 4 scrolls of recharging
 E - 3 scrolls of identify
 K - a scroll of magic mapping
Potions
 g - 2 potions of brilliance
 i - a potion of cancellation
 j - 2 potions of resistance
 n - a potion of agility
 o - 3 potions of cure mutation
 r - 12 potions of curing
 s - 2 potions of might
 u - 2 potions of haste
 P - 2 potions of heal wounds
 Q - a potion of invisibility
Books
 f - the Almanac of Mysticism
   (You found it on level 5 of the Lair of Beasts)

   Spells                             Type                      Level
   a - Shock                          Conjuration/Air              1
   b - Control Undead                 Necromancy                   4
   c - Summon Lightning Spire         Summoning/Air                4
   d - Excruciating Wounds            Charms/Necromancy            5
   e - Freezing Cloud                 Conjuration/Ice/Air          6
 F - an Akashic Record

   Spells                             Type                      Level
   a - Dispersal                      Translocation                6
   b - Malign Gateway                 Summoning/Translocation      7
   c - Disjunction                    Translocation                8
   d - Controlled Blink               Translocation                8
 U - the Compendium of Helpful Cold
   (You acquired it on level 14 of the Dungeon)

   Spells                             Type                      Level
   a - Infusion                       Charms                       1
   b - Freeze                         Ice                          1
   c - Ozocubu's Armour               Charms/Ice                   3
   d - Summon Ice Beast               Ice/Summoning                4
   e - Iskenderun's Battlesphere      Conjuration/Charms           5
   f - Metabolic Englaciation         Hexes/Ice                    5
   g - Bolt of Cold                   Conjuration/Ice              6
Miscellaneous
 e - a phial of floods
 T - a box of beasts
Comestibles
 c - 4 chunks of flesh
 d - 18 bread rations
 m - 6 beef jerkies
 q - 10 meat rations
 A - 16 royal jellies


   Skills:
 + Level 8.5 Fighting
   Level 4.9 Maces & Flails
 + Level 8.5 Polearms
 - Level 5.4 Armour
 + Level 7.2 Dodging
 - Level 2.1 Stealth
 + Level 2.2 Shields
 * Level 12.8 Spellcasting
 + Level 11.0 Conjurations
   Level 0.7 Transmutations
 * Level 9.8 Fire Magic
 + Level 12.4 Earth Magic
 - Level 3.2 Evocations


You had 2 spell levels left.
You knew the following spells:

 Your Spells              Type           Power        Failure   Level  Hunger
a - Sandblast             Erth           ######       1%          1    None
b - Stone Arrow           Conj/Erth      ######       1%          3    None
c - Lee's Rapid Deconstr  Erth           ######....   1%          5    ####...
d - Inner Flame           Hex/Fire       ####....     1%          3    None
e - Repel Missiles        Chrm/Air       ##....       10%         2    None
f - Lightning Bolt        Conj/Air       #####.....   4%          5    ####...
g - Bolt of Fire          Conj/Fire      ######....   3%          6    #####..
h - Orb of Destruction    Conj           ######....   16%         7    #######
i - Fireball              Conj/Fire      ######....   1%          5    ####...


Dungeon Overview and Level Annotations

Branches:
Dungeon (14/15)            Temple (1/1) D:6            Lair (8/8) D:9
 Shoals (0/4) Lair:4        Snake (0/4) Lair:3        Slime (0/6) Lair:8
    Orc (0/2) D:11         Vaults (0/5) D:13

Altars:
Ashenzari
Cheibriados
Dithmenos
Elyvilon
Fedhas
Gozag
Kikubaaqudgha
Makhleb
Nemelex Xobeh
Okawaru
Pakellas
Qazlal
Ru
Sif Muna
Trog
Vehumet
Xom
Yredelemnul
Zin
The Shining One
Jiyva

Shops:
D:2 *   D:4 (   D:7 !

Portals:
Hell: Lair:8
Trove: D:11 (give spear of Hell's Wrath)

Annotations:
D:14 Azrael


Innate Abilities, Weirdness & Mutations

You are resistant to torment.
Your stone body is resilient (AC +11).
You are immune to poison.
Your large and strong wings let you fly indefinitely.
You resist negative energy.
You are resistant to electric shocks.
You can survive without breathing.
You are immune to petrification.
You are immune to rotting.


Message History

Casting: Stone Arrow
Confirm with . or Enter, or press ? or * to list all spells.
Aiming: Stone Arrow
Press: ? - help, Shift-Dir - straight line, f/p - Azrael
Aim: Azrael, wielding a scimitar of flaming (water, severely wounded)
The stone arrow hits Azrael.
Azrael is almost dead.
Azrael gestures at you.
The fireball explodes!
The fireball engulfs you!
* * * LOW HITPOINT WARNING * * *
The fireball engulfs Azrael.
Azrael completely resists.
You hear a shout! x2
Unknown command.
Unknown command.
Drink which item? (? for menu, Esc to quit)
You feel much better.
You are engulfed in a cloud of scalding steam.
Azrael gestures at you.
The damnation unfurls!
The damnation engulfs you!
You die...

#####≈≈≈≈≈≈≈≈≈≈#)#
#####≈≈≈≈≈≈≈≈≈≈≈≈≈≈≈≈#
.≈≈≈≈≈≈≈≈≈≈≈≈≈≈≈≈≈≈≈≈.
≈≈≈≈≈≈≈≈≈≈≈≈≈≈≈≈≈≈≈)..
..≈≈≈≈≈≈≈≈≈≈≈≈≈≈≈#)..
≈≈≈≈≈≈≈≈≈≈≈≈≈####...
.#≈≈≈≈≈≈≈≈## #...
#########R≈≈≈≈≈###
#### ....o..§@§≈≈≈≈≈#
#######.#.###### #.#.#
#.#.# #.#.# #.#.#
#<#.# #.#.# #.#.#


You could see Azrael and an orc.

Vanquished Creatures
  Snorg (Lair:4)
  8 vault guards (D:13)
  A minotaur (Lab)
  Harold (Lair:2)
  A hell beast (Lair:8)
  Erica (Lair:2)
  7 hydras
  4 centaur warriors
  6 death yaks
  2 unseen horrors
  Pikel (D:5)
  6 hill giants
  A wizard (Lair:8)
  A manticore (D:12)
  A deep elf mage (D:14)
  2 griffons (Lair:8)
  3 oklob plants
  An ugly thing (D:12)
  A cyclops (D:14)
  2 sirens (Lair:4)
  18 elephants
  11 black mambas
  18 spiny frogs
  2 orange demons (Lair:8)
  5 rime drakes
  10 komodo dragons
  3 ice devils (Lair:8)
  A hellwing (Lair:8)
  A guardian mummy (D:11)
  A queen bee (D:11)
  2 merfolk (Lair:4)
  4 red devils (Lair:8)
  4 polar bears
  The ghost of MrRokkomies the Bolt Thrower, an amateur HuWn (D:4)
  13 blink frogs
  A boulder beetle (Lair:6)
  A spriggan (Lair:5)
  2 wyverns
  A tarantella (shapeshifter) (D:13)
  3 water elementals (D:14)
  20 yaks
  A wraith (D:11)
  14 hippogriffs
  4 vampire mosquitoes (D:13)
  Edmund (D:5)
  26 water moccasins
  A hell hound (Lair:8)
  A black bear (shapeshifter) (D:13)
  20 porcupines
  11 orc warriors
  4 sky beasts
  2 slaves (D:5)
  5 ice beasts
  3 black bears
  A necrophage (D:12)
  2 eyes of draining
  6 wolves
  9 ogres
  16 centaurs
  16 crocodiles
  An elf zombie (Ossuary)
  3 big kobolds
  20 giant frogs
  2 wyvern zombies (D:13)
  5 scorpions
  A wyvern skeleton (D:14)
  42 killer bees
  5 electric eels
  5 howler monkeys
  4 crimson imps
  2 giant frog zombies
  3 quasits
  4 human zombies (Ossuary)
  3 centaur zombies
  5 centaur skeletons
  6 hounds
  19 orc wizards
  2 giant frog skeletons
  11 orc priests
  Crazy Yiuf (D:7)
  4 jellies
  15 iguanas
  15 worker ants
  16 hell rats
  37 sheep
  2 big kobold zombies (Ossuary)
  A hound zombie (Ossuary)
  4 mummies
  2 hound skeletons
  6 gnolls
  2 howler monkey skeletons
  40 river rats
  9 adders
  6 shadow imps
  12 white imps (D:11)
  An ooze (D:1)
  2 adder zombies (Ossuary)
  An adder skeleton (D:9)
  4 worms
  6 giant geckos
  55 orcs
  7 bats
  7 giant cockroaches
  A gnoll zombie (Ossuary)
  11 hobgoblins
  7 jackals
  3 quokkas
  2 ball pythons
  2 giant newts
  4 goblins
  5 goblin zombies
  A jackal skeleton (D:4)
  4 jackal zombies (Ossuary)
  18 kobolds
  4 kobold zombies
  An orc zombie (Ossuary)
  2 quokka zombies (Ossuary)
  29 rats
  7 rat zombies (Ossuary)
  A bush (D:7)
  A plant (Lair:6)
817 creatures vanquished.

Vanquished Creatures (others)
  A worm (D:5)
  46 fungi
  12 plants
59 creatures vanquished.

Grand Total: 876 creatures vanquished

Notes
Turn   | Place    | Note
--------------------------------------------------------------
     0 | D:1      | Bzz the Gargoyle Earth Elementalist began the quest for the Orb.
     0 | D:1      | Reached XP level 1. HP: 10/10 MP: 3/3
   195 | D:1      | Reached XP level 2. HP: 14/15 MP: 1/5
  1028 | D:2      | Reached XP level 3. HP: 19/19 MP: 7/7
  1033 | D:2      | Learned a level 3 spell: Stone Arrow
  1364 | D:2      | Found an opulent altar of Gozag.
  1368 | D:2      | Found Gozag's Platinum Reserve.
  1609 | D:2      | Reached skill level 1 in Conjurations
  1820 | D:3      | Reached XP level 4. HP: 24/24 MP: 8/8
  2674 | D:4      | Found Kusucvat's Antique Weapon Shoppe.
  2789 | D:4      | Reached XP level 5. HP: 6/28 MP: 3/10
  3046 | D:4      | Noticed an ogre
  3071 | D:4      | Killed an ogre
  3077 | D:4      | Noticed an ogre
  3271 | D:4      | Killed an ogre
  3271 | D:4      | Reached skill level 5 in Earth Magic
  3271 | D:4      | Reached XP level 6. HP: 32/32 MP: 5/12
  3841 | D:4      | Reached skill level 5 in Spellcasting
  3841 | D:4      | Reached XP level 7. HP: 36/36 MP: 4/14
  3898 | D:4      | Noticed MrRokkomies's ghost (amateur HuWn)
  3919 | D:4      | Killed MrRokkomies's ghost
  4348 | D:5      | Entered Level 5 of the Dungeon
  4348 | D:5      | Noticed Edmund
  4356 | D:5      | Killed Edmund
  4356 | D:5      | Reached XP level 8. HP: 41/41 MP: 0/17
  4831 | D:4      | Bought a polished mace for 192 gold pieces
  4831 | D:4      | Identified the +5 mace "Wiocouf" {crush, rF+ rC- rN+++ Dex-4} (You bought it in a shop on level 4 of the Dungeon)
  5363 | D:5      | Reached skill level 5 in Conjurations
  5404 | D:5      | Learned a level 5 spell: Lee's Rapid Deconstruction
  5477 | D:5      | Noticed Pikel
  5520 | D:5      | Killed Pikel
  5747 | D:6      | Found a staircase to the Ecumenical Temple.
  5756 | Temple   | Entered the Ecumenical Temple
  5995 | Temple   | Became a worshipper of Vehumet
  6017 | Temple   | Reached XP level 9. HP: 34/45 MP: 19/20
  7034 | D:6      | Reached skill level 1 in Polearms
  7061 | D:6      | Reached skill level 1 in Armour
  7452 | D:6      | Found a sacrificial altar of Ru.
  7452 | D:6      | Found a basalt altar of Yredelemnul.
  7876 | D:6      | Reached skill level 1 in Fighting
  8159 | D:7      | Got an ichor-stained mace
  8160 | D:7      | Identified the +4 mace "Setavun" {crush, Int+2} (You found it on level 7 of the Dungeon)
  8203 | D:7      | Found a sand-covered staircase.
  8212 | Ossuary  | Entered an ossuary
  8290 | Ossuary  | Reached * piety under Vehumet
  8290 | Ossuary  | Offered knowledge of Freeze by Vehumet.
  8670 | Ossuary  | Gained mutation: You have a pair of small antennae on your head. [potion of beneficial mutation]
  9313 | D:7      | Reached skill level 1 in Maces & Flails
  9515 | D:7      | Found Hoss's Distillery.
  9519 | D:7      | Bought a potion of degeneration for 11 gold pieces
  9520 | D:7      | Lost mutation: You have a pair of small antennae on your head. [potion of cure mutation]
  9640 | D:7      | Offered knowledge of Magic Dart by Vehumet.
  9838 | D:7      | Reached ** piety under Vehumet
  9838 | D:7      | Reached XP level 10. HP: 54/54 MP: 22/22
 10439 | D:7      | Noticed Crazy Yiuf
 10444 | D:7      | Killed Crazy Yiuf
 11142 | D:8      | Offered knowledge of Throw Frost by Vehumet.
 11775 | D:8      | Reached skill level 1 in Evocations
 11899 | D:8      | Reached *** piety under Vehumet
 12133 | D:9      | Found a staircase to the Lair.
 12133 | D:9      | Noticed an elephant
 12141 | D:8      | Killed an elephant
 12408 | D:8      | HP: 1/56 [something (8)]
 12424 | D:8      | HP: 1/56 [something (9)]
 12427 | D:8      | Killed an unseen horror
 12896 | D:9      | Got an ichor-stained robe
 12907 | D:9      | Identified the cursed +1 robe of the Pirate {rN+} (You found it on level 9 of the Dungeon)
 13060 | D:9      | Offered knowledge of Inner Flame by Vehumet.
 13065 | D:9      | Learned a level 3 spell: Inner Flame
 13094 | D:9      | Reached skill level 1 in Fire Magic
 13297 | D:9      | Reached XP level 11. HP: 60/60 MP: 24/24
 13718 | D:9      | Found a stormy altar of Qazlal.
 13766 | Lair:1   | Entered Level 1 of the Lair of Beasts
 13861 | Lair:1   | Reached **** piety under Vehumet
 14185 | Lair:1   | Offered knowledge of Conjure Flame by Vehumet.
 15428 | Lair:2   | Noticed an eight-headed hydra
 15437 | Lair:2   | Killed an eight-headed hydra
 15542 | Lair:2   | Noticed Erica
 15557 | Lair:2   | Killed Erica
 15557 | Lair:2   | Reached skill level 10 in Spellcasting
 15615 | Lair:2   | Noticed an oklob plant
 15836 | Lair:2   | Noticed an oklob plant
 15840 | Lair:2   | Killed an oklob plant
 15840 | Lair:2   | Reached skill level 5 in Armour
 15859 | Lair:2   | Killed an oklob plant
 16024 | Lair:2   | Learned a level 2 spell: Repel Missiles
 16030 | Lair:2   | Learned a level 5 spell: Lightning Bolt
 16546 | Lair:2   | Noticed Harold
 16558 | Lair:2   | Killed Harold
 16750 | Lair:2   | Reached XP level 12. HP: 67/67 MP: 26/26
 17034 | Lair:3   | Found a labyrinth entrance.
 17045 | Lab      | Entered a labyrinth
 17345 | Lab      | Noticed a minotaur
 17352 | Lab      | Killed a minotaur
 17356 | Lab      | Got an ichor-stained long sword {freeze}
 17362 | Lab      | Got a crystal quarterstaff
 17362 | Lab      | Got a faintly glowing plate armour
 17371 | Lab      | Identified the cursed +0 long sword of Peril {freeze, +Rage rPois Int-3 Dex+6} (You took it off a minotaur in a labyrinth)
 17373 | Lab      | Identified the +6 quarterstaff "Xoef" {crush, rF+ MR- Dex+10} (You found it in a labyrinth)
 17816 | Lair:2   | Reached skill level 10 in Earth Magic
 17896 | Lair:2   | Reached skill level 5 in Fighting
 18345 | Lair:3   | Found a staircase to the Snake Pit.
 18502 | Lair:3   | Reached skill level 5 in Dodging
 18887 | Lair:3   | Reached skill level 5 in Fire Magic
 18977 | Lair:3   | Learned a level 6 spell: Bolt of Fire
 19118 | Lair:3   | Reached ***** piety under Vehumet
 19128 | Lair:3   | Offered knowledge of Conjure Ball Lightning by Vehumet.
 20229 | Lair:3   | Reached XP level 13. HP: 13/74 MP: 17/27
 20844 | Lair:4   | Found a staircase to the Shoals.
 21666 | Lair:4   | Offered knowledge of Irradiate by Vehumet.
 21678 | Lair:4   | Noticed Snorg
 21706 | Lair:4   | Killed Snorg
 21706 | Lair:4   | Reached skill level 5 in Polearms
 22957 | Lair:5   | Identified the Almanac of Mysticism
 25305 | Lair:7   | Gained mutation: Your large and strong wings let you fly indefinitely. [Gargoyle growth]
 25305 | Lair:7   | Reached XP level 14. HP: 78/80 MP: 29/29
 25870 | Lair:7   | Reached skill level 10 in Conjurations
 26128 | Lair:8   | Entered Level 8 of the Lair of Beasts
 26680 | Lair:8   | Offered knowledge of Orb of Destruction by Vehumet.
 26689 | Lair:8   | Learned a level 7 spell: Orb of Destruction
 27810 | Lair:8   | Found a staircase to the Slime Pits.
 27810 | Lair:8   | Found a viscous altar of Jiyva.
 28339 | Lair:8   | Found a burning altar of Makhleb.
 28603 | Lair:8   | Found a gateway to Hell.
 29254 | D:10     | Entered Level 10 of the Dungeon
 29867 | D:10     | Offered knowledge of Fireball by Vehumet.
 29874 | D:10     | Learned a level 5 spell: Fireball
 29882 | D:10     | Found a deep blue altar of Sif Muna.
 30119 | D:10     | Reached XP level 15. HP: 88/88 MP: 31/31
 30198 | D:10     | Identified Sif Muna's Collected Works on Clay
 30573 | D:11     | Found a frozen archway.
 30827 | D:11     | Got a scintillating iron ring
 30828 | D:11     | Identified the ring "Hoepse Nuih" {rPois rF- Str+6 Dex+4 Stlth+} (You found it on level 11 of the Dungeon)
 31125 | D:11     | Found a portal to a secret trove of treasure.
 31223 | D:11     | Offered knowledge of Ozocubu's Refrigeration by Vehumet.
 31485 | D:11     | Found a staircase to the Orcish Mines.
 32914 | D:13     | Found a gate to the Vaults.
 32921 | D:13     | Reached skill level 1 in Shields
 34705 | D:14     | Identified a scroll of acquirement
 34708 | D:14     | Identified the Compendium of Helpful Cold (You acquired it on level 14 of the Dungeon)
 34787 | D:14     | Noticed Azrael
 34798 | D:14     | HP: 3/89 [Azrael/fireball (43)]
 34799 | D:14     | Killed from afar by Azrael

Vault maps used:
D:1:      dpeg_arrival_lava_temple_mockup, due_unseen_surprise
D:2:      nicolae_gozag_zags_fifth_avenue
D:4:      serial_shops, kennysheep_little_box
D:5:      first_bread, uniq_edmund, uniq_pikel
D:6:      gammafunk_temple_overflow_wave, minmay_temple_entry_glass
D:7:      serial_shops, kennysheep_mini_moat, nicolae_ossuary_entry_giza,
          serial_glass, glass_columns_a, glass_columns_a, grunt_ogre_cave,
          uniq_crazy_yiuf_cottage
D:8:      corexii_checkpoint_b
D:9:      david_lair_generic, minmay_statues_item, minmay_misc_feat_chi,
          grunt_qazlal_clouds
D:10:     minmay_strange_pillars, grunt_ministairs_6, led_sif_book
D:11:     david_orc_3, special_room, portal_ice_cave_entry_imps,
          nicolae_trove_entry_path_of_doom
D:13:     erik_vaults_2
D:14:     serial_shops, shop_fountains, uniq_azrael
Temple:   grunt_wide_crystal_templ_18
Lair:1:   columned_hall_lemuel, beast_lair_carwin_3
Lair:2:   disabler_island, bh_autumn_forest_stairs, uniq_erica, uniq_harold
Lair:3:   minmay_snake_entry_six_corridors, lab_entry_generic
Lair:4:   lemuel_ratsnest, elwin_shoals_entry_stream, st_stairs_9,
          beast_lair_carwin_1, uniq_snorg
Lair:5:   forest_entry_grove, grunt_megastairs_3
Lair:8:   evil_forest, slime_altar_1, serial_bayou_pond_e, st_stairs_4,
          infiniplex_staircase_pool
Lab:      labyrinth_watery
Ossuary:  minmay_ossuary_two_tombs

Skill      XL: |  1  2  3  4  5  6  7  8  9 10 11 12 13 14 15 |
---------------+----------------------------------------------+-----
Earth Magic    | 4 5 6 7 8 9 10 11 12 | 12.4
Spellcasting   | 3 4 5 6 7 8 9 10 11 12 | 12.8
Conjurations   | 1 2 3 4 5 6 7 8 9 10 11 | 11.0
Polearms       | 1 4 6 7 8 |  8.5
Armour         | 2 4 5 |  5.4
Dodging        | 2 3 4 5 6 7 |  7.2
Fighting       | 2 3 4 5 6 7 8 |  8.5
Maces & Flails | 1 3 4 |  4.9
Evocations     | 1 3 |  3.2
Fire Magic     | 1 4 5 7 8 9 |  9.8
Shields        | 2 |  2.2
Stealth        | |  2.1
Transmutations | |  0.7

Action                   |  1- 3 |  4- 6 |  7- 9 | 10-12 | 13-15 || total
-------------------------+-------+-------+-------+-------+-------++-------
Melee: Mace              |    46 |       |   196 |   396 |       ||   638
       Spear             |     9 |   123 |   258 |       |       ||   390
       Lance             |       |       |       |   243 |  1497 ||  1740
 Cast: Sandblast         |    28 |       |       |       |       ||    28
       Stone Arrow       |       |     8 |    65 |   243 |   263 ||   579
       Lee's Rapid Decon |       |       |       |     2 |    30 ||    32
       Repel Missiles    |       |       |       |     1 |     5 ||     6
       Bolt of Fire      |       |       |       |       |    64 ||    64
       Fireball          |       |       |       |       |     6 ||     6
       Orb of Destructio |       |       |       |       |     1 ||     1
 Abil: Evoke Invisibilit |       |       |       |       |     2 ||     2
       Fly               |       |       |       |       |     1 ||     1
Evoke: Wand              |       |     9 |    12 |     6 |       ||    27
  Use: Scroll            |     7 |     5 |    10 |    12 |    12 ||    46
       Potion            |       |     1 |     3 |    10 |     8 ||    22
 Stab: Sleeping          |     3 |     3 |     6 |     5 |    15 ||    32
       Distracted        |       |       |       |     2 |     2 ||     4
       Invisible         |       |       |       |       |     6 ||     6
  Eat: Chunk             |     3 |     4 |    18 |    26 |    56 ||   107
       Beef jerky        |       |     1 |       |       |     4 ||     5
       Fruit             |       |     2 |     1 |     9 |    10 ||    22
       Royal jelly       |       |       |     1 |       |     1 ||     2
       Pizza             |       |       |       |       |     3 ||     3
Armor: Robe              |    20 |    35 |   262 |   453 |   629 ||  1399
Dodge: Dodged            |    36 |    53 |   344 |   534 |   999 ||  1966
       Deflected         |       |       |       |       |    21 ||    21
